 Dungeon Crawl Stone Soup version 0.17-a0-2055-gb4e23be (webtiles) character file.

661 4thArraOfDagon the Firebug (level 7, -8/41 HPs)
             Began as a High Elf Fire Elementalist on Oct 11, 2015.
             Hit by a large rock thrown by a cyclops (15 damage)
             ... on level 7 of the Dungeon.
             The game lasted 00:09:01 (1584 turns).

4thArraOfDagon the Firebug (HEFE)                   Turns: 1584, Time: 00:09:01

Health: -8/41      AC:  4    Str:  7      XL:     7   Next: 30%
Magic:  14/14      EV: 13    Int: 16 (20) God:
Gold:   368        SH:  0    Dex: 17      Spells: 4 memorised, 2 levels left

rFire  . . .     SeeInvis .     g - +0 dagger (drain)
rCold  . . .     Clarity  .     a - +0 robe
rNeg   + . .     SustAt   .     (no shield)
rPois  .         Gourm    .     (no helmet)
rElec  .         Spirit   .     (no cloak)
rCorr  .         Warding  .     (no gloves)
rMut   .         Stasis   .     j - +1 pair of boots
MR     .....                    (no amulet)
Stlth  ++........               (no ring)
                                m - ring of positive energy

@: not resistant to hostile enchantments, unstealthy
A: no striking features
a: no special abilities


You were on level 7 of the Dungeon.
You were not hungry.

You visited 1 branch of the dungeon, and saw 7 of its levels.
You also visited: Ossuary.

You collected 368 gold pieces.

Inventory:

Hand Weapons
 g - a +0 dagger of draining (weapon)
Armour
 a - a +0 robe (worn)
 j - a +1 pair of boots (worn)
Jewellery
 m - a ring of positive energy (left hand)
Wands
 l - a wand of magic darts (31)
Scrolls
 k - a scroll of immolation
Potions
 d - a potion of brilliance {unknown}
 e - a potion of resistance
 h - a potion of magic {unknown}
 i - a potion of ambrosia {unknown}
 n - a potion of flight {unknown}
 o - 2 potions of lignification {unknown}
 p - a potion of agility {unknown}
 q - a potion of curing {unknown}
 r - a potion of degeneration
 s - a potion of heal wounds {unknown}
 t - 2 potions of might {unknown}
 u - a potion of haste
Books
 b - a book of Flames

   Spells                             Type                      Level
   a - Flame Tongue                   Conjuration/Fire             1
   b - Throw Flame                    Conjuration/Fire             2
   c - Conjure Flame                  Conjuration/Fire             3
   d - Inner Flame                    Hexes/Fire                   3
   e - Sticky Flame                   Conjuration/Fire             4
   f - Fireball                       Conjuration/Fire             5
Comestibles
 c - 2 bread rations
 f - a chunk of flesh


   Skills:
 - Level 2.1 Dodging
 - Level 2.1 Stealth
 + Level 4.5 Spellcasting
 * Level 5.4 Conjurations
 * Level 6.0 Fire Magic


You had 2 spell levels left.
You knew the following spells:

 Your Spells              Type           Power        Failure   Level  Hunger
a - Flame Tongue          Conj/Fire      ###..        1%          1    None
b - Conjure Flame         Conj/Fire      ###.....     6%          3    ###....
c - Sticky Flame          Conj/Fire      ###.....     17%         4    ####...
d - Fireball              Conj/Fire      ###.......   50%         5    ######.


Dungeon Overview and Level Annotations

Branches:
Dungeon (7/15)
 Temple: D:4-7

Altars:
Cheibriados
Dithmenos
Fedhas
Kikubaaqudgha
The Shining One

Shops:
D:5 :

Annotations:
D:2 Sigmund
D:5 Ijustatesigmund's ghost, novice OpTm


Message History

You see here a large rock.
The cyclops throws a large rock.
The large rock hits you!!
Ouch! That really hurt!
* * * LOW HITPOINT WARNING * * *
Some of the chunks of flesh in your inventory have rotted away.
You see here a large rock.
Unknown command.
Drink which item? (? for menu, Esc to quit)
It was a potion of degeneration.
There was something very wrong with that liquid.
You feel dopey.
Unknown command.
You see here a scroll of random uselessness.
Unknown command.
The cyclops throws a large rock.
The large rock misses you.
You see here a large rock.
Unknown command.
Unknown command.
The cyclops throws a large rock.
The large rock hits you!
You die...

### ### #.#############.## #
#................. #
#..######.####..## # #@.# #.#
#..## ## #.(#### #.# #.....
.###############.?##.###.# #.####
.#.........oo..((........###.##..
.'....####.###.#C.##.#.......#...
.#..#.# #.###.#..##.#.#.<...#...
.#....# ..........#.#.#.........
##....####.###.#.........##†.#...
...........###.#...#.#.#.##)÷#...


You could see a cyclops.

Vanquished Creatures
  An ogre (D:7)
  A sky beast (D:5)
  A giant frog (D:7)
  A water moccasin skeleton (D:4)
  2 giant frog zombies (D:6)
  An orc priest (D:4)
  Jessica (D:2)
  2 iguanas
  2 orc wizards
  8 mummies (Ossuary)
  An adder (D:3)
  A shadow imp (D:5)
  A giant gecko (D:7)
  6 orcs
  A bat (D:1)
  A giant cockroach (D:7)
  A gnoll zombie (Ossuary)
  2 hobgoblins
  2 giant newts
  A goblin (D:2)
  A hobgoblin zombie (Ossuary)
  4 jackals (D:7)
  A kobold (D:3)
  A kobold zombie (Ossuary)
  5 orc zombies (Ossuary)
  A rat (D:2)
50 creatures vanquished.

Notes
Turn   | Place    | Note
--------------------------------------------------------------
     0 | D:1      | 4thArraOfDagon the High Elf Fire Elementalist began the quest for the Orb.
     0 | D:1      | Reached XP level 1. HP: 11/11 MP: 4/4
    61 | D:2      | Noticed Jessica
   121 | D:2      | Killed Jessica
   121 | D:2      | Reached XP level 2. HP: 13/17 MP: 4/6
   121 | D:2      | Reached XP level 3. HP: 16/21 MP: 5/8
   124 | D:2      | Noticed Sigmund
   139 | D:2      | Learned a level 3 spell: Conjure Flame
   343 | D:4      | Reached skill level 4 in Fire Magic
   343 | D:4      | Reached XP level 4. HP: 27/27 MP: 0/9
   365 | D:4      | Learned a level 4 spell: Sticky Flame
   423 | D:4      | Reached XP level 5. HP: 22/31 MP: 4/10
   460 | D:5      | Entered Level 5 of the Dungeon
   532 | D:5      | Noticed a sky beast
   545 | D:5      | Killed a sky beast
   545 | D:5      | Reached skill level 5 in Fire Magic
   545 | D:5      | Reached XP level 6. HP: 36/36 MP: 0/12
   565 | D:5      | Found a snail-covered altar of Cheibriados.
   565 | D:5      | Found a blossoming altar of Fedhas.
   627 | D:5      | Found Weecup's Book Boutique.
   741 | D:5      | Found a shadowy altar of Dithmenos.
   765 | D:5      | Found a sand-covered staircase.
   772 | Ossuary  | Entered an ossuary
  1000 | Ossuary  | HP: 1/36 [mummy (18)]
  1147 | Ossuary  | Learned a level 5 spell: Fireball
  1173 | D:5      | Noticed Ijustatesigmund's ghost (novice OpTm)
  1340 | D:7      | Found a glowing golden altar of the Shining One.
  1345 | D:7      | Reached skill level 5 in Conjurations
  1345 | D:7      | Reached XP level 7. HP: 41/41 MP: 8/14
  1451 | D:7      | Found an ancient bone altar of Kikubaaqudgha.
  1469 | D:7      | Noticed a cyclops
  1480 | D:7      | Reached skill level 6 in Fire Magic
  1584 | D:7      | Hit by a large rock thrown by a cyclops

Vault maps used:
D:1:      erik_arrival_orb_chamber
D:2:      lemuel_blue_sif_altar, lemuel_crystal_altar,
          gammafunk_temple_overflow_forgotten, first_bread, uniq_jessica,
          uniq_sigmund, uniq_crazy_yiuf_cottage
D:3:      uniq_robin
D:4:      lemuel_coloured_pillars_altar
D:5:      gammafunk_temple_overflow_elements, nicolae_ossuary_entry_monument,
          serial_shops, shop, nicolae_dithmenos_the_darkroom
D:6:      minmay_temple_entry_nine_rooms, serial_shops, shop
D:7:      hangedman_cross_stitches, old_standard_altar,
          kiku_gazebo_garden_becter, minivault_24
Ossuary:  ossuary_tomb_3

Action                   |  1- 3 |  4- 6 |  7- 9 || total
-------------------------+-------+-------+-------++-------
Melee: Dagger            |     8 |    65 |    20 ||    93
 Cast: Flame Tongue      |    22 |    40 |     5 ||    67
       Conjure Flame     |       |     5 |       ||     5
       Sticky Flame      |       |     6 |     2 ||     8
  Use: Scroll            |     1 |     6 |       ||     7
       Potion            |       |       |     1 ||     1
 Stab: Sleeping          |       |     1 |       ||     1
  Eat: Bread ration      |       |     1 |       ||     1
       Chunk             |       |       |     1 ||     1
